 Dungeon Crawl Stone Soup version 0.25-a0-949-gdd2af9e06e (webtiles) character file.

Game seed: 7021484292288443897, levelgen mode: deterministic

49016 Flugslaktarn the Severer (level 14, -2/145 HPs)
             Began as a Deep Dwarf Fighter on May 9, 2020.
             Was the Champion of Makhleb.
             Slain by a titanic slime creature (80 damage)
             ... on level 15 of the Dungeon.
             The game lasted 00:09:26 (13210 turns).

Flugslaktarn the Severer (Deep Dwarf Fighter)      Turns: 13210, Time: 00:09:27

Health: -2/145     AC: 20    Str: 25    XL:     14   Next: 14%
Magic:  10/10      EV:  9    Int: 11    God:    Makhleb [******]
Gold:   1139       SH: 15    Dex: 13    Spells: 13/13 levels left

rFire    + . .     SeeInvis .   G - +5 broad axe
rCold    + + .     Gourm    .   n - +2 shield of Resistance {rF+ rC+ MR+}
rNeg     + . .     Faith    .   l - +0 plate armour
rPois    +         Spirit   .   (no helmet)
rElec    .         Reflect  .   P - +0 cloak {rC+}
rCorr    .         Harm     .   J - +2 pair of gloves
MR       +++++                  (no boots)
Stlth    ..........             R - amulet of rage
HPRegen  0.00/turn              Q - ring of the Mage {Wiz MR++ Int+3}
MPRegen  0.12/turn              o - ring of poison resistance

@: non-regenerating, lightly drained
A: damage resistance, heal wounds, repulsion field 1, magic resistance 1,
negative energy resistance 1, sense surroundings 2, robust 1, no regeneration
a: Heal Wounds, Minor Destruction, Lesser Servant of Makhleb, Major Destruction,
Greater Servant of Makhleb, Renounce Religion, Evoke Berserk Rage


You were on level 15 of the Dungeon.
You worshipped Makhleb.
Makhleb was exalted by your worship.
You were not hungry.

You visited 3 branches of the dungeon, and saw 20 of its levels.
You also visited: Ossuary, Bailey, Ice Cave and Volcano.

You collected 1139 gold pieces.

Inventory:

Hand Weapons
 G - a +5 broad axe (weapon)
   (You found it on level 11 of the Dungeon)
Missiles
 A - 5 throwing nets (quivered)
Armour
 b - a +0 tower shield of protection
   (You found it on level 12 of the Dungeon)
 g - a +1 cloak
   (You found it on level 1 of the Dungeon)
 l - a +0 plate armour (worn)
   (You found it on level 4 of the Dungeon)
 n - the +2 shield of Resistance (worn) {rF+ rC+ MR+}
   (You found it on level 12 of the Dungeon)

   It protects you from fire.
   It protects you from cold.
   It affects your resistance to hostile enchantments.
 C - a scarf of repulsion
   (You found it on level 6 of the Dungeon)
 J - a +2 pair of gloves (worn)
   (You found it on level 1 of the Lair of Beasts)
 P - a +0 cloak of cold resistance (worn)
   (You found it in an ice cave)
Jewellery
 c - an uncursed ring of protection from cold
   (You found it on level 5 of the Dungeon)
 k - a +4 ring of dexterity
   (You found it on level 3 of the Dungeon)
 o - a ring of poison resistance (right hand)
   (You found it on level 5 of the Dungeon)
 u - an uncursed ring of protection from cold
   (You found it on level 14 of the Dungeon)
 Q - the ring of the Mage (left hand) {Wiz MR++ Int+3}
   (You found it on level 14 of the Dungeon)

   [ring of wizardry]

   It improves your spell success rate.
   It affects your intelligence (+3).
   It affects your resistance to hostile enchantments.
 R - an amulet of rage (around neck)
   (You found it on level 14 of the Dungeon)
Wands
 h - a wand of acid (54)
   (You found it on level 5 of the Dungeon)
 j - a wand of clouds (16)
   (You found it on level 3 of the Dungeon)
 v - a wand of digging (6)
   (You found it on level 1 of the Lair of Beasts)
 D - a wand of paralysis (14)
   (You found it on level 11 of the Dungeon)
 M - a wand of enslavement (7)
   (You found it on level 13 of the Dungeon)
 N - a wand of scattershot (6)
   (You found it in an ice cave)
 O - a wand of iceblast (20)
   (You found it in an ice cave)
Scrolls
 p - 2 scrolls of fear
 r - 6 scrolls of identify
 s - a scroll of immolation
 t - 6 scrolls of teleportation
 x - 6 scrolls of remove curse
 y - 2 scrolls of magic mapping
 z - 6 scrolls of blinking
 F - a scroll of fog
 H - 2 scrolls of summoning
Potions
 a - 4 potions of stabbing {unknown}
 d - a potion of might
 f - 2 potions of invisibility
 i - 2 potions of lignification
 q - 7 potions of curing
 w - 8 potions of heal wounds
 B - 6 potions of brilliance
 E - a potion of mutation
 I - a potion of flight {unknown}
 K - 2 potions of resistance {unknown}
 L - a potion of berserk rage {unknown}
Comestibles
 e - 26 rations
 m - 7 chunks of flesh


   Skills:
 + Level 10.1(10.0) Fighting
 * Level 15.7(15.5) Axes
 + Level 11.8(11.7) Armour
 + Level 11.8(11.7) Shields
 + Level 11.2(11.0) Invocations


You had 13 spell levels left.
You didn't know any spells.
Your spell library was empty.

Dungeon Overview and Level Annotations

Branches:
Dungeon (15/15)            Temple (1/1) D:7            Lair (4/6) D:10
 Shoals (0/4) Lair:4       Spider (0/4) Lair:4          Orc (0/2) D:12
 Vaults (0/5) D:14         Depths (0/5) D:15        Ossuary (visited)
 Bailey (visited)           IceCv (visited)         Volcano (visited)

Altars:
Elyvilon
Fedhas
Gozag
Kikubaaqudgha
Makhleb
Nemelex Xobeh
Okawaru
Uskayaw
Vehumet
Xom
Zin

Shops:
D:13 %

Annotations:
Lair:3 2 transporters, Osyocro's ghost, journeyman MiBe


Innate Abilities, Weirdness & Mutations

You are resistant to damage.
You can heal yourself by infusing magical energy.
You resist negative energy. (rN+)
You passively map the area around you.
You do not regenerate.
You are surrounded by a mild repulsion field. (EV +2)
You are resistant to hostile enchantments. (MR+)
You are robust. (+10% HP)


Message History

The titanic slime creature is moderately wounded.
You slash the titanic slime creature!
The titanic slime creature is moderately wounded.
A human comes into view.
The human shouts!
You slash the titanic slime creature!
The titanic slime creature is moderately wounded.
The titanic slime creature hits you!!!
Your shield and plate armour prevent you from hitting the titanic slime creature.
The titanic slime creature is moderately wounded.
The black bear changes into a harpy!
You block the titanic slime creature's attack.
You slash the titanic slime creature!
The titanic slime creature is heavily wounded.
The titanic slime creature misses you.
You slice the titanic slime creature!!
The titanic slime creature is heavily wounded.
The titanic slime creature hits you!!!!
Ouch! That really hurt!
You die...

, *, , ##. , * ,,, ,*
#..* * , , < ##.## ,
#############...## , ,
#......#...#..p..# # *
, #......#...#.....#.#
*
..#......#...##.HJ##.#
..#......#....##J##..#
,
..#......#.....#@#...#
*, ,
..#......'...........#
,
..#...##'#...........#
,
..##+###.####.....####
* **
..#(........#.....#
..'.........#.....#
..#......รท..#.....#
).#.........#.....#
<)#.........#.....#


You could see a titanic slime creature, a slime creature, a harpy shaped shifter
and a human.

Vanquished Creatures
  The ghost of Jaomiden the Grappler, a journeyman TrTm of Cheibriados (D:14)
  2 centaur warriors
  2 dancing weapons (D:14)
  A death knight (D:13)
  9 two-headed ogres
  An unseen horror (D:14)
  Pikel (D:6)
  A necromancer (IceCv)
  5 ugly things
  A deep elf mage (D:15)
  4 cyclopes
  A faun (shapeshifter) (D:15)
  A salamander (Volcano)
  2 manticores
  A water nymph (shapeshifter) (D:14)
  4 black mambas
  An ice statue (IceCv)
  6 spiny frogs
  Maggie (Lair:2)
  5 komodo dragons
  10 freezing wraiths (IceCv)
  2 ice devils (D:14)
  4 trolls
  2 hornets
  2 polar bears (Lair:4)
  Grinder (D:6)
  A wolf spider simulacrum (IceCv)
  A snapping turtle (Lair:4)
  9 hippogriffs
  A vampire (D:12)
  A shadow (D:11)
  3 wyverns
  A wraith (D:14)
  23 yaks
  3 basilisks
  2 hungry ghosts
  A vampire mosquito (D:9)
  A death yak simulacrum (IceCv)
  3 acid dragons
  A soldier ant (D:13)
  13 water moccasins
  3 hell hounds (Volcano)
  2 porcupines (Lair:4)
  3 sky beasts (D:9)
  A slave (D:6)
  8 orc warriors
  9 ice beasts
  2 phantoms
  A hornet zombie (D:10)
  9 ogres
  A wolf (Lair:4)
  4 boggarts (Lair:4)
  A necrophage (D:10)
  15 centaurs
  9 crocodiles
  A big kobold (D:8)
  18 bullfrogs
  A gnoll sergeant (D:5)
  A wyvern zombie (D:7)
  A wyvern skeleton (D:13)
  8 scorpions
  A swamp dragon simulacrum (IceCv)
  An elephant simulacrum (IceCv)
  10 killer bees
  An electric eel (Lair:4)
  20 wights
  4 howler monkeys (D:9)
  6 crimson imps
  A centaur zombie (D:12)
  A bullfrog zombie (D:13)
  A quasit (D:8)
  A draconian simulacrum (IceCv)
  3 centaur skeletons
  3 hounds
  A jelly (D:5)
  4 bullfrog skeletons
  8 orc priests
  6 iguanas
  8 orc wizards
  15 worker ants
  9 troll simulacra (IceCv)
  2 spriggan simulacra (IceCv)
  12 mummies (Ossuary)
  12 gnolls
  2 howler monkey skeletons
  5 naga simulacra (IceCv)
  11 adders
  3 ogre simulacra (IceCv)
  2 shadow imps
  12 white imps (IceCv)
  An ooze (D:4)
  An adder zombie (D:5)
  2 adder skeletons
  A worm (D:3)
  4 leopard geckos
  36 orcs
  2 bats
  3 giant cockroaches
  2 goblins
  4 hobgoblins
  11 jackals
  5 quokkas
  3 frilled lizards
  3 goblin skeletons (Ossuary)
  A jackal zombie (D:5)
  4 kobolds (D:8)
  2 kobold skeletons (Ossuary)
  2 leopard gecko skeletons (D:4)
  3 orc skeletons (Ossuary)
  A quokka zombie (D:5)
  11 rat skeletons (Ossuary)
  2 rat zombies (D:7)
  A fungus (Lair:4)
503 creatures vanquished.

Vanquished Creatures (collateral kills)
  3 hydras
  A hungry ghost (D:12)
  A water moccasin (Lair:1)
  A bullfrog (Lair:1)
  A bullfrog zombie (D:12)
7 creatures vanquished.

Vanquished Creatures (others)
  A two-headed ogre (Volcano)
  A crimson imp (D:6)
  An orc priest (D:6)
  A centaur skeleton (D:6)
  An orc (D:6)
5 creatures vanquished.

Grand Total: 515 creatures vanquished

Notes
Turn   | Place    | Note
-------+----------+-------------------------------------------
     0 | D:1      | Flugslaktarn the Deep Dwarf Fighter began the quest for the
                  | Orb.
     0 | D:1      | Reached XP level 1. HP: 20/20 MP: 1/1
    83 | D:3      | Noticed a crimson imp
    95 | D:3      | Reached XP level 2. HP: 17/27 MP: 1/1
   112 | D:3      | Reached skill level 3 in Axes
   112 | D:3      | Reached XP level 3. HP: 25/34 MP: 2/2
   121 | D:3      | Reached XP level 4. HP: 28/42 MP: 3/3
   250 | D:4      | Reached skill level 4 in Axes
   250 | D:4      | Reached XP level 5. HP: 16/49 MP: 4/4
   304 | D:4      | Found a white marble altar of Elyvilon.
   755 | D:5      | Entered Level 5 of the Dungeon
   771 | D:5      | Noticed a centaur
   781 | D:5      | Killed a centaur
   781 | D:5      | Reached XP level 6. HP: 36/57 MP: 4/4
   821 | D:5      | Reached skill level 5 in Axes
  1002 | D:5      | Reached XP level 7. HP: 59/64 MP: 5/5
  1005 | D:5      | Reached skill level 5 in Shields
  1042 | D:5      | Reached skill level 5 in Armour
  1094 | D:5      | Reached skill level 6 in Axes
  1169 | D:5      | Found an opulent altar of Gozag.
  1359 | D:5      | Found a glowing silver altar of Zin.
  1595 | D:6      | Reached XP level 8. HP: 66/73 MP: 5/5
  1601 | D:6      | Noticed Grinder
  1602 | D:6      | Reached skill level 7 in Axes
  1606 | D:6      | Noticed Pikel
  1628 | D:6      | Killed Grinder
  1628 | D:6      | Reached skill level 5 in Fighting
  1632 | D:6      | Killed Pikel
  1632 | D:6      | Reached skill level 8 in Axes
  1632 | D:6      | Gained mutation: You passively map the area around you.
                  | [Deep Dwarf growth]
  1632 | D:6      | Reached XP level 9. HP: 35/81 MP: 6/6
  1820 | D:6      | Found an iron altar of Okawaru.
  1948 | D:6      | Found a blossoming altar of Fedhas.
  1950 | D:6      | Found an ancient bone altar of Kikubaaqudgha.
  2402 | D:7      | Reached skill level 9 in Axes
  3005 | D:7      | Found a sand-covered staircase.
  3006 | D:7      | Found a staircase to the Ecumenical Temple.
  3013 | Ossuary  | Entered an ossuary
  3332 | Temple   | Entered the Ecumenical Temple
  3373 | Temple   | Became a worshipper of Makhleb the Destroyer
  4015 | D:8      | Reached skill level 1 in Invocations
  4529 | D:8      | Reached skill level 10 in Axes
  4605 | D:9      | Reached XP level 10. HP: 70/92 MP: 6/6
  4786 | D:9      | Reached * piety under Makhleb
  4972 | D:9      | Reached skill level 11 in Axes
  5125 | D:9      | Reached ** piety under Makhleb
  5141 | D:9      | Noticed a green ugly thing
  5145 | D:9      | Noticed a two-headed ogre
  5153 | D:9      | Reached skill level 5 in Invocations
  5163 | D:9      | Noticed a two-headed ogre
  5177 | D:9      | Killed a green ugly thing
  5193 | D:9      | Killed a two-headed ogre
  5193 | D:9      | Reached XP level 11. HP: 55/100 MP: 6/8
  5197 | D:9      | Killed a two-headed ogre
  5234 | D:9      | Identified Sif Muna's Collected Works on Dark Secrets and
                  | the Voyage
  5830 | D:10     | Entered Level 10 of the Dungeon
  5889 | D:10     | Found a staircase to the Lair.
  6106 | D:10     | Noticed a two-headed ogre
  6117 | D:10     | Killed a two-headed ogre
  6117 | D:10     | Reached skill level 12 in Axes
  6503 | D:10     | Found a radiant altar of Vehumet.
  6532 | D:10     | Reached *** piety under Makhleb
  7105 | D:11     | Gained mutation: You are surrounded by a mild repulsion
                  | field. (EV +2) [potion of mutation]
  7105 | D:11     | Gained mutation: You are resistant to hostile enchantments.
                  | (MR+) [potion of mutation]
  7105 | D:11     | Gained mutation: You are robust. (+10% HP) [potion of
                  | mutation]
  7123 | D:12     | Found a flagged portal.
  7135 | Bailey   | Entered a bailey
  7137 | Bailey   | Noticed an orc knight
  7350 | D:12     | Reached **** piety under Makhleb
  7405 | D:12     | Noticed a four-headed hydra
  7428 | D:12     | Killed a seven-headed hydra
  7428 | D:12     | Reached XP level 12. HP: 62/122 MP: 8/8
  7502 | D:12     | Paralysed by a hornet for 1 turns
  7508 | D:12     | Found a staircase to the Orcish Mines.
  7523 | D:12     | Noticed a two-headed ogre
  7533 | D:12     | Killed a two-headed ogre
  7533 | D:12     | Reached skill level 13 in Axes
  7608 | D:12     | Found the +2 shield of Resistance {rF+ rC+ MR+}
  7789 | Lair:1   | Entered Level 1 of the Lair of Beasts
  7844 | Lair:1   | Reached skill level 10 in Armour
  7867 | Lair:1   | Noticed an eight-headed hydra
  7889 | Lair:1   | Killed a 12-headed hydra
  7889 | Lair:1   | Reached skill level 10 in Shields
  9198 | Lair:2   | Noticed Maggie
  9208 | Lair:2   | Killed Maggie
  9516 | Lair:3   | Noticed a six-headed hydra
  9536 | Lair:3   | Killed an 11-headed hydra
  9696 | Lair:3   | Found a transporter.
  9699 | Lair:3   | Found a transporter.
  9760 | Lair:3   | Noticed Osyocro's ghost (journeyman MiBe)
 10124 | Lair:4   | Reached skill level 14 in Axes
 10361 | Lair:4   | Reached XP level 13. HP: 133/133 MP: 9/9
 10442 | Lair:4   | Found a hole to the Spider Nest.
 10489 | Lair:4   | Found a dark tunnel.
 10499 | Volcano  | Entered a volcano
 11017 | Lair:4   | Found a staircase to the Shoals.
 11278 | D:13     | Reached ***** piety under Makhleb
 11295 | D:13     | Reached skill level 10 in Invocations
 11657 | D:13     | Found Hexzeh's Food Boutique.
 11987 | D:14     | Found a frozen archway.
 12007 | D:14     | Reached skill level 15 in Axes
 12015 | IceCv    | Entered an ice cave
 12162 | IceCv    | Found an ancient bone altar of Kikubaaqudgha.
 12279 | IceCv    | Reached ****** piety under Makhleb
 12536 | D:14     | Found a runed translucent door.
 12607 | D:14     | Reached skill level 10 in Fighting
 12619 | D:14     | Gained mutation: You resist negative energy. (rN+) [Deep
                  | Dwarf growth]
 12619 | D:14     | Reached XP level 14. HP: 84/145 MP: 10/10
 12680 | D:14     | Found a gate to the Vaults.
 13043 | D:14     | Noticed Jaomiden's ghost (journeyman TrTm)
 13044 | D:14     | Found the ring of the Mage {Wiz MR++ Int+3}
 13079 | D:14     | Killed Jaomiden's ghost
 13107 | D:15     | Entered Level 15 of the Dungeon
 13210 | D:15     | Slain by a titanic slime creature

Levels and vault maps discovered:
D:1:      dpeg_arrival_rhombus, layout_basic
D:2:      layout_basic
D:3:      layout_basic, bloody_trog, first_ration, st_stairs_14
D:4:      layout_cave_pools, kennysheep_little_box
D:5:      layout_basic, zin_statuary, basic_altar
D:6:      layout_loops_ring, lemuel_coloured_pillars_altar,
          grunt_temple_overflow_growth_and_decay, uniq_pikel, uniq_grinder
D:7:      layout_basic, minmay_temple_entry_statues_pillars, enter_ossuary_4,
          grunt_ogre_cave, chequers_avenue
D:8:      layout_gridville
D:9:      minmay_the_grid_3x2 [minmay_the_grid_dragon_b,
          minmay_the_grid_odd_star, minmay_the_grid_spikes,
          minmay_the_grid_slots, minmay_the_grid_minigrid_large,
          minmay_the_grid_prize_four_corners_diamond_b], layout_basic
D:10:     layout_long_grid, lair_entry_dummy, lemuel_centaur_altar
D:11:     layout_rooms
D:12:     layout_irregular_city, orc_0_dummy, enter_bailey_2
D:13:     layout_long_grid, serial_shops, nicolae_shop_stone, kennysheep_boxes
D:14:     layout_cave_pools, erik_vaults_1, ebering_ghost_reflecting_pool,
          nicolae_sextant, portal_ice_cave_demonic_guard
D:15:     gammafunk_enter_depths_forms, layout_gridville,
          chequers_hall_statues_wall_a
Temple:   eino_temple_scatter_basement
Lair:1:   layout_roguey, grunt_megastairs_5, infiniplex_staircase_pool,
          serial_bayou_shore_b
Lair:2:   layout_cave_pods, uniq_maggie
Lair:3:   layout_concentric_octagons, gammafunk_ghost_hive, minivault_26
Lair:4:   beast_lair_carwin_large_1, layout_regular_city,
          minmay_shoals_entry_hut, dummy_spider_entry,
          nicolae_volcano_entry_hallway, kilobyte_rumbling_trees,
          serial_bayou_shore_a

Skill      XL: |  1  2  3  4  5  6  7  8  9 10 11 12 13 |
---------------+----------------------------------------+-----
Fighting       | 3 4 5 6 7 8 9 10 | 10.1
Axes           | 3 4 5 6 8 10 11 12 14 15 | 15.7
Armour         | 4 5 6 7 8 9 10 11 | 11.8
Shields        | 4 5 6 7 8 9 10 11 | 11.8
Invocations    | 2 5 7 9 11 | 11.2

Action                   |  1- 3 |  4- 6 |  7- 9 | 10-12 | 13-15 || total
-------------------------+-------+-------+-------+-------+-------++-------
Melee: War axe           |    51 |   112 |   405 |   546 |       ||  1114
       Broad axe         |       |       |       |   385 |   546 ||   931
Invok: Lesser Servant of |       |       |       |     6 |       ||     6
 Abil: Heal Wounds       |     2 |     3 |    16 |    27 |     6 ||    54
Evoke: Wand              |       |       |       |     2 |       ||     2
  Use: Scroll            |       |       |    16 |     9 |       ||    25
       Potion            |       |       |     2 |     1 |       ||     3
 Stab: Invisible         |       |       |     4 |       |       ||     4
  Eat: Chunk             |       |     1 |    11 |    23 |     6 ||    41
       Ration            |       |       |       |     3 |     1 ||     4
Armor: Scale mail        |    44 |    16 |       |       |       ||    60
       Plate armour      |       |    67 |   234 |   546 |   322 ||  1169
Dodge: Dodged            |    38 |    21 |    81 |   229 |   168 ||   537
Block: Kite shield       |    56 |    93 |   223 |   580 |   445 ||  1397
       Tower shield      |       |       |       |   125 |       ||   125

Table legend:
 A = Non-vault XP
 B = Vault XP
 C = Vault XP percentage of total XP
 D = Non-vault monster count
 E = Vault monster count
 F = Vault count percentage of total count
                 A         B        C        D         E       F
            +---------+---------+-------+---------+---------+-------
      Total |   44807 |   25217 |  36.0 |     362 |     149 |  29.2
            +---------+---------+-------+---------+---------+-------
        D:1 |       2 |       0 |   0.0 |       1 |       0 |   0.0
        D:2 |       9 |       0 |   0.0 |       5 |       0 |   0.0
        D:3 |     130 |       5 |   3.7 |      12 |       1 |   7.7
        D:4 |     155 |       0 |   0.0 |      14 |       0 |   0.0
        D:5 |     986 |       0 |   0.0 |      29 |       0 |   0.0
        D:6 |    1055 |     932 |  46.9 |      29 |       2 |   6.5
        D:7 |     714 |     118 |  14.2 |      25 |       3 |  10.7
        D:8 |     741 |       0 |   0.0 |      17 |       0 |   0.0
        D:9 |    4402 |    2729 |  38.3 |      38 |      18 |  32.1
       D:10 |    3511 |     442 |  11.2 |      29 |       4 |  12.1
       D:11 |    3593 |       0 |   0.0 |      23 |       0 |   0.0
       D:12 |    4181 |       0 |   0.0 |      34 |       0 |   0.0
       D:13 |    6610 |       0 |   0.0 |      32 |       0 |   0.0
       D:14 |    5823 |    3935 |  40.3 |      16 |       5 |  23.8
       D:15 |    1318 |     532 |  28.8 |       6 |       1 |  14.3
     Lair:1 |    3015 |     656 |  17.9 |      14 |       2 |  12.5
     Lair:2 |    1264 |     376 |  22.9 |       5 |       1 |  16.7
     Lair:3 |    4020 |       0 |   0.0 |      13 |       0 |   0.0
     Lair:4 |    3278 |    3743 |  53.3 |      20 |      17 |  45.9
    Ossuary |       0 |     234 | 100.0 |       0 |      31 | 100.0
      IceCv |       0 |    6488 | 100.0 |       0 |      54 | 100.0
    Volcano |       0 |    5027 | 100.0 |       0 |      10 | 100.0
            +---------+---------+-------+---------+---------+-------
